 Dungeon Crawl Stone Soup version 0.29.1-1-gd02db6906a (webtiles) character file.

Game seed: 1205923578222239128

3470 LustLizard the Covert (level 9, -6/47 HPs)
             Began as a Spriggan Hunter on Oct 22, 2022.
             Was an Initiate of Dithmenos.
             Mangled by a hornet (12 damage)
             ... while paralysed by a hornet
             ... on level 7 of the Dungeon.
             The game lasted 00:28:55 (7626 turns).

LustLizard the Covert (Spriggan Hunter)             Turns: 7626, Time: 00:28:56

Health: -6/47      AC:  5    Str:  7    XL:     9   Next: 79%
Magic:  10/10      EV:  4    Int: 17    God:    Dithmenos [......]
Gold:   318        SH:  0    Dex: 22    Spells: 8/8 levels left

rFire   + . .      SeeInvis +   a - +0 shortbow
rCold   + . .      Faith    .   (shield currently unavailable)
rNeg    . . .      Spirit   .   q - +0 troll leather armour {Pargi}
rPois   +          Reflect  .   (helmet restricted)
rElec   +          Harm     .   E - +0 cloak {rCorr}
rCorr   +          Rampage  .   (gloves unavailable)
Will    +....                   (boots unavailable)
Stlth   +++++.....              (no amulet)
HPRegen 0.95/turn               r - +6 ring of intelligence
MPRegen 0.12/turn               H - ring of poison resistance

@: paralysed, lethally poisoned (-6 -> -7), resistant, very quick
A: very small, no large weapons, unfitting armour, see invisible, speed 3
a: Renounce Religion


You were on level 7 of the Dungeon.
You worshipped Dithmenos.
Dithmenos was noncommittal.
You visited 2 branches of the dungeon, and saw 8 of its levels.
You also visited: Sewer and Ossuary.

You collected 346 gold pieces.
You spent 28 gold pieces at shops.

Inventory:

Hand Weapons
 a - a +0 shortbow (weapon)
 w - the +4 dagger "Morg" {pain, Will+ Int+5}
   (You found it on level 4 of the Dungeon)

   In the hands of one skilled in necromantic magic, it inflicts extra damage on
   living creatures.
   Int:       It affects your intelligence (+5).
   Will:      It increases your willpower.
Missiles
 m - 5 poisoned darts
 y - 3 throwing nets
Armour
 c - a +0 robe
 q - a +0 troll leather armour (worn) {Pargi}
 x - a +0 cloak
 z - a +2 robe of cold resistance
 E - a +0 cloak of preservation (worn)
Jewellery
 r - a +6 ring of intelligence (left hand)
 A - a ring of resist corrosion
 F - a ring of protection from fire
 H - a ring of poison resistance (right hand)
Wands
 t - a wand of acid (8)
 u - a wand of polymorph (15)
Scrolls
 b - 2 scrolls of immolation
 d - 2 scrolls of vulnerability {unknown}
 e - 2 scrolls of teleportation {unknown}
 g - 2 scrolls of fog {unknown}
 j - 2 scrolls of noise
 k - a scroll of fear {unknown}
 p - 2 scrolls of acquirement {unknown}
 s - a scroll of poison
 G - a scroll of amnesia {unknown}
 I - a scroll of summoning {unknown}
 J - 4 scrolls of enchant armour {unknown}
 L - a scroll of blinking {unknown}
 M - a scroll of enchant weapon {unknown}
Potions
 f - 3 potions of lignification
 h - a potion of brilliance
 i - 5 potions of might
 l - 7 potions of curing
 n - 3 potions of degeneration
 o - 4 potions of cancellation
 v - a potion of ambrosia
 B - 3 potions of haste
 C - 2 potions of resistance
 D - 3 potions of attraction
 K - a potion of mutation {unknown}


   Skills:
 + Level 5.4 Fighting
 * Level 9.0 Ranged Weapons
 - Level 5.9 Dodging
 + Level 9.8 Stealth
 - Level 8.0 Evocations


You had 8 spell levels left.
You didn't know any spells.
Your spell library contained the following spells:

 Spells                   Type           Power      Damage    Failure   Level
 Ensorcelled Hibernation  Hex/Ice        0%         N/A       47%         2
 Passwall                 Tmut/Erth      0%         N/A       47%         2
 Portal Projectile        Hex/Tloc       0%         N/A       71%         3
 Swiftness                Air            0%         N/A       71%         3
 Tukima's Dance           Hex            0%         N/A       71%         3
 Anguish                  Hex/Necr       0%         N/A       98%         4
 Blade Hands              Tmut           0%         N/A       100%        5
 Enfeeble                 Hex            0%         N/A       100%        7


Dungeon Overview and Level Annotations

Branches:
Dungeon (7/15)             Temple (1/1) D:7           Sewer (visited)
Ossuary (visited)

Altars:
Cheibriados
Dithmenos
Elyvilon
Fedhas
Gozag
Hepliaklqana
Kikubaaqudgha
Makhleb
Nemelex Xobeh
Qazlal
Ru
Sif Muna
Uskayaw
Vehumet
Xom
Yredelemnul
Zin
The Shining One

Shops:
D:4 ?:*[


Innate Abilities, Weirdness & Mutations

You are very small and have problems with some larger weapons.
You are too small for most types of armour.
You have supernaturally acute eyesight. (SInv)
You cover ground extremely quickly. (Speed+++)


Message History

You shoot an arrow. The arrow hits the hornet!
The hornet is moderately wounded.
The howler monkey hoots and howls with incredible vigour!
You hear a shout! x2
You shoot an arrow. The arrow hits the hornet.
The hornet is moderately wounded.
The hornet misses you.
You shoot an arrow. The arrow closely misses the hornet.
The arrow hits the orc.
The orc is severely wounded.
The hornet misses you. The hornet stings you.
You are poisoned.
You shoot an arrow. The arrow hits the hornet.
The hornet is heavily wounded.
You feel very sick. The hornet barely misses you. The hornet stings you!
You shoot an arrow. The arrow hits the hornet.
The hornet is heavily wounded.
You feel sick. The hornet stings you! The hornet barely misses you.
You feel protected.
You feel sick. The hornet misses you.
Okay, then.
Fire: a) +0 shortbow
Press: ? - help, Q - select action, (/) - cycle Shift-Dir - straight line, f/p - hornet
Aim: a hornet (heavily wounded, 58% to hit)
You shoot an arrow. The arrow hits the hornet.
The hornet is severely wounded.
You feel sick. The hornet closely misses you.
The howler monkey hoots and howls with incredible vigour!
The hornet completely misses you.
Fire: a) +0 shortbow
Press: ? - help, Q - select action, (/) - cycle Shift-Dir - straight line, f/p - hornet
Aim: a hornet (severely wounded, 58% to hit)
You shoot an arrow. The arrow barely misses the hornet.
The arrow hits the orc.
You kill the orc!
Dithmenos accepts your kill.
You feel sick. The hornet stings you!
* * * LOW HITPOINT WARNING * * *
You suddenly lose the ability to move!
The hornet stings you!
You die...

. ########### ..
##..[......##
##..#..##...##..##
..o...)##...##...#
#...##.....)...#.###
......)...>........#
#.#♣)#............##
#~~~~..##..^##.#@##
#P♣~...##...##.#y#
#.~~P..........#h#
..~...#.########.#
..#####.# #o#
#.#####.. ##.#
...)..##.# #..#
#.###.
.........o......
#.###
#.#####.###o..h.


You could see a hornet, an orc warrior, a howler monkey (catching breath) and an
orc.

Vanquished Creatures
  Prince Ribbit (D:4)
  Sigmund (D:6)
  A wraith (Ossuary)
  Eustachio (D:5)
  3 yaks (D:6)
  Edmund (D:4)
  A water moccasin (D:5)
  Pargi (Sewer)
  A sky beast (D:6)
  4 ogres
  An orc warrior (D:6)
  2 black bears
  3 centaurs (D:5)
  Blork the orc (D:5)
  A bullfrog (D:7)
  2 scorpions
  5 killer bees (D:6)
  2 howler monkeys
  2 hounds
  A gnoll bouda (D:6)
  2 iguanas
  3 jellies
  Crazy Yiuf (D:6)
  An orc wizard (D:6)
  A mummy (Ossuary)
  8 gnolls
  6 adders
  A shadow imp (D:6)
  4 worms
  2 dart slugs (D:1)
  20 orcs
  4 bats
  4 endoplasms
  3 giant cockroaches
  7 goblins
  7 hobgoblins
  8 jackals
  2 quokkas
  7 ball pythons
  6 frilled lizards
  10 gnoll skeletons (Ossuary)
  9 kobolds
  5 kobold skeletons (Ossuary)
  10 orc skeletons (Ossuary)
  3 rats (D:3)
169 creatures vanquished.

Vanquished Creatures (others)
  A plant (D:7)
1 creature vanquished.

Grand Total: 170 creatures vanquished

Notes
Turn   | Place    | Note
-------+----------+-------------------------------------------
     0 | D:1      | LustLizard the Spriggan Hunter began the quest for the Orb.
     0 | D:1      | Reached XP level 1. HP: 10/10 MP: 2/2
   114 | D:1      | Reached XP level 2. HP: 15/15 MP: 3/3
   311 | D:1      | Found a faded altar of an unknown god.
   791 | D:2      | Reached XP level 3. HP: 18/18 MP: 4/4
  1344 | D:3      | Found a glowing golden altar of the Shining One.
  1580 | D:3      | Found a hide-covered altar of Uskayaw.
  1761 | D:3      | Reached XP level 4. HP: 23/23 MP: 5/5
  2045 | D:4      | Noticed a black bear
  2112 | D:3      | Killed a black bear
  2113 | D:3      | Reached XP level 5. HP: 23/27 MP: 6/6
  2408 | D:4      | Found a glowing drain.
  2417 | Sewer    | Entered a sewer
  2499 | Sewer    | Noticed Pargi
  2621 | Sewer    | Killed Pargi
  2622 | Sewer    | Reached skill level 5 in Ranged Weapons
  2622 | Sewer    | Reached skill level 5 in Stealth
  2622 | Sewer    | Reached XP level 6. HP: 23/32 MP: 7/7
  2777 | D:4      | Found Nevvurohi's Magic Scroll Shoppe.
  2800 | D:4      | Found Iwutad's Book Shoppe.
  2910 | D:4      | Found the +4 dagger "Morg" {pain, Will+ Int+5}
  3015 | D:4      | Found Wiubb's General Store.
  3023 | D:4      | Bought a scroll of identify for 28 gold pieces
  3064 | D:4      | Found Neqav's Antique Armour Boutique.
  3269 | D:5      | Entered Level 5 of the Dungeon
  3327 | D:4      | Reached skill level 5 in Dodging
  3561 | D:5      | Reached XP level 7. HP: 32/36 MP: 8/8
  3578 | D:5      | Noticed Eustachio
  3918 | D:5      | Killed Eustachio
  4056 | D:5      | Noticed Prince Ribbit
  4141 | D:4      | Killed Prince Ribbit
  4175 | D:5      | Noticed Edmund
  4229 | D:4      | Killed Edmund
  4230 | D:4      | Reached XP level 8. HP: 42/42 MP: 9/9
  4346 | D:5      | Identified the +7 ring mail of Apathy {rN+ Int+2}
  4374 | D:5      | Noticed Blork the orc
  4415 | D:5      | Killed Blork the orc
  4790 | D:6      | Noticed Sigmund
  5143 | D:6      | Found a runed translucent door.
  5144 | D:6      | Noticed Crazy Yiuf
  5174 | D:6      | Killed Crazy Yiuf
  5237 | D:6      | Killed Sigmund
  5238 | D:6      | Reached skill level 5 in Evocations
  5576 | D:5      | Reached XP level 9. HP: 16/46 MP: 10/10
  6045 | D:6      | Found a shimmering blue altar of Sif Muna.
  6045 | D:6      | Found a hazy altar of Hepliaklqana.
  6267 | D:6      | Reached skill level 5 in Fighting
  6712 | D:7      | Found a sand-covered staircase.
  6770 | Ossuary  | Entered an ossuary
  7140 | D:7      | Found a sacrificial altar of Ru.
  7290 | D:7      | Found a staircase to the Ecumenical Temple.
  7300 | Temple   | Entered the Ecumenical Temple
  7553 | Temple   | Became a worshipper of Dithmenos the Shadowed
  7626 | D:7      | Paralysed by a hornet for 2 turns
  7626 | D:7      | Mangled by a hornet

Illustrated notes

Levels and vault maps discovered:
D:1:      amcnicky_arrival_single_pillar, layout_basic,
          ebering_ecumenical_altar_hall, corexii_item_surrounded_by_moat
D:2:      layout_loops_ring
D:3:      layout_basic, mainiacjoe_overflow_small_starburst,
          mainiacjoe_overflow_24_doors
D:4:      layout_loops_ring, serial_shops, shop, shop, shop,
          nicolae_shop_hallway_stairs, portal_sewer_entry_d, minmay_surrounded
D:5:      layout_basic, minmay_diced_spiral, uniq_eustachio, uniq_edmund,
          uniq_blork_the_orc, uniq_prince_ribbit1
D:6:      layout_gridville, nicolae_overflow_two_pavilions, fountainhead,
          kennysheep_generic_room_2, uniq_sigmund, uniq_crazy_yiuf_cottage
D:7:      layout_rooms, mainiacjoe_overflow_concentric_impassable,
          mainiacjoe_overflow_alcove_4, minmay_temple_entry_stoned_glass,
          lightli_ossuary_entry_decrepit_ruins, serial_bayou_pond_d,
          amethyst_killhole
Temple:   oiseaux_autumnal_temple

Skill      XL: |  1  2  3  4  5  6  7  8  9 |
---------------+----------------------------+-----
Stealth        | 2 3 4 5 7 8 9 |  9.8
Dodging        | 3 4 5 |  5.9
Fighting       | 2 3 4 5 |  5.4
Ranged Weapons | 5 6 7 9 |  9.0
Evocations     | 3 6 8 |  8.0

Action                   |  1- 3 |  4- 6 |  7- 9 || total
-------------------------+-------+-------+-------++-------
 Fire: Shortbow          |   106 |   151 |   543 ||   800
  Use: Scroll            |     5 |     5 |     3 ||    13
       Potion            |       |     1 |     2 ||     3
Armor: Robe              |     1 |     5 |       ||     6
       Troll leather arm |       |     5 |    31 ||    36
Dodge: Dodged            |     9 |    81 |   275 ||   365
